 Dungeon Crawl Stone Soup version 0.29-a0-284-gf9362112df (webtiles) character file.

Game seed: 3462463899253882850

84 siradein the Bolt Thrower (level 4, -3/27 HPs)
             Began as a Kobold Arcane Marksman on Mar 16, 2022.
             Slain by a gnoll
             ... wielding a +0 spear
              (5 damage)
             ... on level 2 of the Dungeon.
             The game lasted 00:03:27 (1947 turns).

siradein the Bolt Thrower (Kobold Arcane Marksman)  Turns: 1947, Time: 00:03:28

Health: -3/27      AC:  3    Str:  7    XL:     4   Next: 74%
Magic:  5/5        EV: 19    Int: 16    God:
Gold:   65         SH:  0    Dex: 15    Spells: 1/5 levels left

rFire   . . .      SeeInvis +   a - +0 hand crossbow
rCold   . . .      Faith    .   (no shield)
rNeg    . . .      Spirit   .   k - +0 leather armour
rPois   .          Reflect  .   (no helmet)
rElec   .          Harm     .   (no cloak)
rCorr   .          Rampage  .   (no gloves)
Will    .....                   (no boots)
Stlth   ++........              (no amulet)
HPRegen 0.09/turn               i - +4 ring of evasion
MPRegen 0.09/turn               j - ring of see invisible

@: no status effects
A: small, no large weapons, nightstalker 3
a: no special abilities


You were on level 2 of the Dungeon.
You visited 1 branch of the dungeon, and saw 2 of its levels.

You collected 65 gold pieces.

Inventory:

Hand Weapons
 a - a +0 hand crossbow (weapon)
Missiles
 m - 2 throwing nets
Armour
 k - a +0 leather armour (worn)
Jewellery
 i - a +4 ring of evasion (left hand)
 j - a ring of see invisible (right hand)
Scrolls
 c - a scroll of vulnerability
 d - a scroll of identify {unknown}
 e - a scroll of acquirement {unknown}
 f - a scroll of silence {unknown}
 g - 2 scrolls of noise {unknown}
 l - a scroll of magic mapping {unknown}
Potions
 b - a potion of might {unknown}
 h - a potion of heal wounds {unknown}
 n - a potion of curing {unknown}
 o - a potion of degeneration {unknown}


   Skills:
 + Level 2.7 Fighting
 + Level 4.1 Crossbows
 + Level 3.7 Dodging
 - Level 1.1 Spellcasting
 - Level 3.0 Hexes


You had one spell level left.
You knew the following spells:

 Your Spells              Type           Power      Damage    Failure   Level
a - Slow                  Hex            40%        N/A       10%         1
b - Portal Projectile     Hex/Tloc       10%        N/A       50%         3

Your spell library contained the following spells:

 Spells                   Type           Power      Damage    Failure   Level
 Inner Flame              Hex/Fire       5%         N/A       50%         3
 Cause Fear               Hex            5%         N/A       69%         4


Dungeon Overview and Level Annotations

Branches:
Dungeon (2/15)

Altars:

Shops:
D:2 (


Innate Abilities, Weirdness & Mutations

You are small and have problems with some larger weapons.
You are completely attuned to the shadows.


Message History

The gnoll is almost dead.
The gnoll hits you from afar with a +0 spear!
You are too injured to fight recklessly!
You are too injured to fight recklessly!
You are too injured to fight recklessly!
You are too injured to fight recklessly!
Shoot: a) +0 hand crossbow
Press: ? - help, Q - select action, (/) - cycle Shift-Dir - straight line, f/p - gnoll
Aim: a gnoll, wielding a +0 spear (almost dead, 66% to hit)
You shoot a bolt. The bolt hits the gnoll.
The gnoll is almost dead.
The gnoll barely misses you.
Shoot: a) +0 hand crossbow
Press: ? - help, Q - select action, (/) - cycle Shift-Dir - straight line, f/p - gnoll
Aim: a gnoll, wielding a +0 spear (almost dead, 66% to hit)
You shoot a bolt. The bolt closely misses the gnoll.
The gnoll completely misses you. The gnoll barely misses you.
Unknown command.
Shoot: a) +0 hand crossbow
Press: ? - help, Q - select action, (/) - cycle Shift-Dir - straight line, f/p - gnoll
Aim: a gnoll, wielding a +0 spear (almost dead, 66% to hit)
You shoot a bolt.
The bolt hits the gnoll but does no damage.
The gnoll is almost dead.
The gnoll completely misses you.
Shoot: a) +0 hand crossbow
Press: ? - help, Q - select action, (/) - cycle Shift-Dir - straight line, f/p - gnoll
Aim: a gnoll, wielding a +0 spear (almost dead, 66% to hit)
You shoot a bolt. The bolt closely misses the gnoll.
The gnoll hits you from afar with a +0 spear!
* * * LOW HITPOINT WARNING * * *
Shoot: a) +0 hand crossbow
Press: ? - help, Q - select action, (/) - cycle Shift-Dir - straight line, f/p - gnoll
Aim: a gnoll, wielding a +0 spear (almost dead, 66% to hit)
You shoot a bolt.
The bolt hits the gnoll but does no damage.
The gnoll is almost dead.
The gnoll closely misses you.
The gnoll hits you from afar with a +0 spear.
You die...

#..#..####
###'##.>#######
####.'∩'...##.....
#....#'#......<..(
#.####.###.†......
#.# .# ##†#.....
#g# .# #.#.....
#.# #.###.## #@#
#.# #.# #)#
#.###.# #.#
#.#.... #.#
.####....# #.#
.........# #.#
#####....#
#.#########.####
#....†.†....#
#############


You could see a gnoll.

Vanquished Creatures
  3 adders (D:2)
  2 gnolls (D:2)
  A worm (D:2)
  3 dart slugs
  3 endoplasms
  3 giant cockroaches
  A goblin (D:1)
  2 jackals (D:2)
  A quokka (D:1)
  A ball python (D:1)
  8 bats
  A frilled lizard (D:1)
  A kobold (D:2)
  3 rats
33 creatures vanquished.

Notes
Turn   | Place    | Note
-------+----------+-------------------------------------------
     0 | D:1      | siradein the Kobold Arcane Marksman began the quest for the
                  | Orb.
     0 | D:1      | Reached XP level 1. HP: 12/12 MP: 2/2
   254 | D:1      | Reached skill level 3 in Crossbows
   261 | D:1      | Reached XP level 2. HP: 16/16 MP: 3/3
  1081 | D:2      | Reached XP level 3. HP: 21/21 MP: 4/4
  1126 | D:2      | Found a faded altar of an unknown god.
  1378 | D:2      | Reached XP level 4. HP: 27/27 MP: 5/5
  1395 | D:2      | Found Fehaej's Weapon Boutique.
  1400 | D:2      | Learned a level 3 spell: Portal Projectile
  1716 | D:2      | Reached skill level 4 in Crossbows
  1947 | D:2      | Slain by a gnoll

Illustrated notes

Levels and vault maps discovered:
D:1:      dpeg_arrival_rhombus, layout_basic
D:2:      layout_loops_ring, serial_shops, nicolae_shop_behind_doors,
          chequers_ecumenical_altar_simple, basic_altar, uniq_robin

Skill      XL: |  1  2  3  4 |
---------------+-------------+-----
Crossbows      | 3 4 |  4.1
Dodging        | 3 |  3.7
Fighting       | 2 |  2.7
Spellcasting   | |  1.1
Hexes          | |  3.0

Action                   |  1- 3 |  4- 6 || total
-------------------------+-------+-------++-------
 Fire: Hand crossbow     |    64 |    40 ||   104
Armor: Robe              |     1 |       ||     1
       Leather armour    |     1 |     6 ||     7
Dodge: Dodged            |    25 |    38 ||    63

Table legend: (Time is in decaauts)
 A = Elapsed time spent in this place.
 B = Non-inter-level travel time spent in this place.
 C = Inter-level travel time spent in this place.
 D = Time resting spent in this place.
 E = Time spent auto-exploring this place.
 F = Levels seen in this place.
 G = Mean time per level.
                   A        B        C        D        E       F      G
               +--------+--------+--------+--------+--------+-----+--------+
         Total |   1984 |   1903 |     81 |     92 |   1487 |   2 |  992.0 |
       Dungeon |   1984 |   1903 |     81 |     92 |   1487 |   2 |  992.0 |
               +--------+--------+--------+--------+--------+-----+--------+

Top non-repeatable levels by time:
     D:1: 1089 daAuts
     D:2: 894 daAuts
